 Dungeon Crawl Stone Soup version 0.19.1-1-g22dce08 (webtiles) character file.

59 esteth the Chopper (level 4, -5/35 HPs)
             Began as a Formicid Abyssal Knight on Jan 3, 2017.
             Was a Believer of Lugonu.
             Slain by theAP's ghost (13 damage)
             ... on level 3 of the Dungeon.
             The game lasted 00:05:36 (1896 turns).

esteth the Chopper (Formicid Abyssal Knight)        Turns: 1896, Time: 00:05:37

Health: -5/35      AC:  7    Str: 17    XL:     4   Next: 22%
Magic:  5/5        EV: 10    Int: 12    God:    Lugonu [**....]
Gold:   195        SH:  0    Dex: 10    Spells: 0 memorised, 3 levels left

rFire  . . .     SeeInvis +     w - +1 battleaxe
rCold  . . .     Gourm    .     i - +0 ring mail
rNeg   . . .     Faith    .     (no shield)
rPois  .         Spirit   .     (helmet unavailable)
rElec  .         Reflect  .     e - +0 cloak
rCorr  .         Harm     .     (no gloves)
MR     .....                    h - +0 pair of boots
Stlth  ..........               (no amulet)
                                (no ring)
                                (no ring)

@: no status effects
A: permanent stasis, dig shafts and tunnels, four strong arms, antennae 3
a: Dig, Shaft Self, Depart the Abyss, Bend Space, Renounce Religion


You were on level 3 of the Dungeon.
You worshipped Lugonu.
Lugonu was pleased with you.
You were not hungry.

You visited 1 branch of the dungeon, and saw 3 of its levels.
You visited the Abyss 1 time.

You collected 195 gold pieces.

Inventory:

Hand Weapons
 a - a +1 hand axe
 w - a +1 battleaxe (weapon)
Armour
 b - a +0 leather armour
 e - a +0 cloak (worn)
 h - a +0 pair of boots (worn)
 i - a +0 ring mail (worn)
 n - a +2 buckler
Scrolls
 j - a scroll of identify
Potions
 d - 2 potions of heal wounds
 f - 2 potions of mutation {unknown}
 k - a potion of magic {unknown}
 m - a potion of invisibility {unknown}
 r - a potion of beneficial mutation {unknown}
 s - 2 potions of lignification {unknown}
 t - 3 potions of curing {unknown}
Comestibles
 c - a bread ration


   Skills:
 - Level 3.3 Fighting
 + Level 4.0 Axes
 - Level 2.1 Armour
 - Level 0.8 Dodging
 - Level 2.5 Invocations


You had 3 spell levels left.
You didn't know any spells.

Dungeon Overview and Level Annotations

Branches:
Dungeon (3/15)

Altars:

Annotations:
D:3 theAP's ghost, amateur GrFi


Innate Abilities, Weirdness & Mutations

You are under a permanent stasis effect.
You can dig through walls and to a lower floor.
Your four strong arms can wield two-handed weapons with a shield.
You have a pair of large antennae on your head. (SInv)


Message History

TheAP's ghost is lightly damaged.
TheAP's ghost closely misses you. TheAP's ghost completely misses you.
You hit theAP's ghost but do no damage.
TheAP's ghost is lightly damaged.
TheAP's ghost hits you but does no damage.
Your ring mail prevents you from hitting theAP's ghost.
TheAP's ghost is lightly damaged.
TheAP's ghost completely misses you. TheAP's ghost hits you.
You slash theAP's ghost!
TheAP's ghost is heavily damaged.
TheAP's ghost closely misses you.
You slash theAP's ghost!
TheAP's ghost is severely damaged.
TheAP's ghost hits you!
* * * LOW HITPOINT WARNING * * *
TheAP's ghost closely misses you.
You hit theAP's ghost but do no damage.
TheAP's ghost is severely damaged.
TheAP's ghost hits you!
You die...

*#.....####* ######........,*
******** ............#***
**,,,,,,*
...##.......#########*##,,,,,,,*
...##.......##......#...,,,,,,,*
...###......##........#*,,,,,,,*
...##................#*,,*******
##...(##.#...........#*,**
####..##.####..W@...#*,,*
......##.####...†...#*,**
#####.....##........#{,,*
.............###.#.....,*
........................*********
........................,,,,,,,,*
...............######.#.,,,,,,,,*
.............{.# *.#,,,,,,,,,*
............W..# *,*,,,,,,,,,*


You could see theAP's ghost.

Vanquished Creatures
  An adder (D:2)
  A worm (D:2)
  2 orcs (D:3)
  2 giant cockroaches
  7 goblins
  7 hobgoblins
  3 jackals (D:1)
  A ball python (D:2)
  5 bats
  4 frilled lizards
  5 kobolds
  6 rats
44 creatures vanquished.

Notes
Turn   | Place    | Note
-------+----------+-------------------------------------------
     0 | Abyss:1  | esteth the Formicid Abyssal Knight began the quest for the Orb.
     0 | Abyss:1  | Reached XP level 1. HP: 18/18 MP: 2/2
    93 | D:1      | Escaped the Abyss
   327 | D:1      | Reached XP level 2. HP: 22/24 MP: 3/3
   850 | D:2      | Reached skill level 3 in Axes
   850 | D:2      | Reached XP level 3. HP: 29/29 MP: 4/4
  1244 | D:2      | Reached ** piety under Lugonu
  1370 | D:2      | Reached XP level 4. HP: 35/35 MP: 5/5
  1871 | D:3      | Noticed theAP's ghost (amateur GrFi)
  1884 | D:3      | Reached skill level 4 in Axes
  1896 | D:3      | Slain by theAP's ghost

Skill      XL: |  1  2  3  4 |
---------------+-------------+-----
Axes           | 3 4 |  4.0
Fighting       | |  3.3
Armour         | |  2.1
Dodging        | |  0.8
Invocations    | |  2.5

Action                   |  1- 3 |  4- 6 || total
-------------------------+-------+-------++-------
Melee: Hand axe          |    95 |    14 ||   109
       Battleaxe         |       |    14 ||    14
  Use: Scroll            |       |    11 ||    11
  Eat: Chunk             |     2 |     1 ||     3
Armor: Leather armour    |     6 |       ||     6
       Ring mail         |    37 |    10 ||    47
Dodge: Dodged            |    47 |    14 ||    61
Block: Buckler           |    17 |     3 ||    20
